 Dungeon Crawl Stone Soup version 0.23.2-32-g37ab1d4649 (webtiles) character file.

Game seed: 7978644491658004989

4757 Mrkan the Grappler (level 10, -1/104 HPs)
             Began as a Troll Monk on June 26, 2019.
             Was a Follower of Ru.
             Slain by a killer bee (7 damage)
             ... on level 8 of the Dungeon.
             The game lasted 00:11:33 (6178 turns).

Mrkan the Grappler (Troll Monk)                     Turns: 6178, Time: 00:11:34

Health: -1/104     AC:  7    Str: 21    XL:     10   Next: 23%
Magic:  9/9        EV: 10    Int:  8    God:    Ru [*.....]
Gold:   422        SH:  0    Dex: 13    Spells: 9/9 levels left

rFire    . . .     SeeInvis .     - Unarmed
rCold    . . .     Gourm    +   (no shield)
rNeg     . . .     Faith    .   a - +0 robe
rPois    +         Spirit   .   (helmet restricted)
rElec    .         Reflect  .   j - +0 cloak {rPois}
rCorr    .         Harm     .   (gloves unavailable)
MR       .....                  (boots unavailable)
Stlth    ++........             (no amulet)
HPRegen  0.67/turn              m - +2 ring of dexterity
MPRegen  0.11/turn              o - ring of wizardry

@: no status effects
A: large, unfitting armour, claws 3, clumsy 1, fast metabolism 3, gourmand,
regeneration 1, shaggy fur 1, tough skin 3, cowardly
a: Renounce Religion


You were on level 8 of the Dungeon.
You worshipped Ru.
Ru was aware of your devotion.
You were very full.

You visited 2 branches of the dungeon, and saw 9 of its levels.

You collected 422 gold pieces.

Inventory:

Missiles
 c - 152 stones (quivered)
Armour
 a - a +0 robe (worn)
 d - a +2 cloak
 j - a +0 cloak of poison resistance (worn)
Jewellery
 m - a +2 ring of dexterity (left claw)
 o - a ring of wizardry (right claw)
 u - an uncursed ring of protection from fire
 x - an uncursed amulet of faith
Wands
 q - a wand of random effects (11)
Scrolls
 g - 3 scrolls of immolation {unknown}
 h - 2 scrolls of amnesia {unknown}
 k - 2 scrolls of fog {unknown}
 p - 4 scrolls of remove curse {unknown}
 t - a scroll of teleportation {unknown}
 v - a scroll of noise {unknown}
 w - 2 scrolls of identify
 y - 4 scrolls of summoning {unknown}
 A - 2 scrolls of blinking {unknown}
 B - a scroll of enchant weapon {unknown}
 D - a scroll of fear {unknown}
Potions
 e - a potion of brilliance {unknown}
 f - a potion of might {unknown}
 i - 2 potions of lignification {unknown}
 l - a potion of degeneration {unknown}
 n - 2 potions of curing
 r - 2 potions of agility {unknown}
 s - a potion of invisibility {unknown}
 C - a potion of haste {unknown}
Comestibles
 b - 9 rations


   Skills:
 + Level 7.7 Fighting
 * Level 4.1 Throwing
 - Level 2.4 Dodging
 - Level 1.0 Stealth
 - Level 11.6 Unarmed Combat


You had 9 spell levels left.
You didn't know any spells.
Your spell library contained the following spells:

 Spells                   Type           Power        Failure   Level  Hunger
 Magic Dart               Conj           #...         17%         1    ##.....
 Searing Ray              Conj           #.....       26%         2    ###....
 Dazzling Spray           Conj/Hex       #.....       45%         3    ####...
 Force Lance              Conj/Tloc      #.......     83%         4    #####..
 Fulminant Prism          Conj/Hex       #.........   83%         4    #####..
 Iskenderun's Mystic Bla  Conj           #.......     83%         4    #####..


Dungeon Overview and Level Annotations

Branches:
Dungeon (8/15)             Temple (1/1) D:6            Lair (0/6) D:8

Altars:
Ashenzari
Cheibriados
Dithmenos
Elyvilon
Fedhas
Gozag
Hepliaklqana
Kikubaaqudgha
Makhleb
Nemelex Xobeh
Okawaru
Qazlal
Ru
Sif Muna
Trog
Uskayaw
Vehumet
Wu Jian
Xom
Yredelemnul
Zin
The Shining One

Annotations:
D:5 1 runed translucent door, TheAraber's ghost, novice NaVM


Innate Abilities, Weirdness & Mutations

You are too large for most types of armour.
You have claws for hands.
You are clumsy. (Dex -2)
Your metabolism is lightning-fast.
You like to eat raw meat.
Your natural rate of healing is unusually fast.
You are covered in fur. (AC +1)
You have extremely tough skin. (AC +3)
Your cowardice makes you less effective in combat with threatening monsters.


Message History

The ice beast is moderately wounded.
The ice beast hits you. The ice beast freezes you!
* * * LOW HITPOINT WARNING * * *
You closely miss the ice beast.
The ice beast is moderately wounded.
The ice beast hits you but does no damage.
You closely miss the ice beast.
The ice beast is moderately wounded.
The killer bee closely misses you. The killer bee stings you.
* * * LOW HITPOINT WARNING * * *
You claw the ice beast!
The ice beast is severely wounded.
The killer bee stings you.
* * * LOW HITPOINT WARNING * * *
The ice beast barely misses you. The killer bee stings you!
* * * LOW HITPOINT WARNING * * *
You scratch the ice beast.
The ice beast is almost dead.
The killer bee stings you!
You die...

......#.....P..P.PP..PP.
.....#[.......PP..PP...
#....#......PP.PP..P...
#....#.....PPP......P..
#....#....yP..P...P..P.
####....#....PP.......P...
........#..P..P.PPP.P.PP..
.......†#....P.P.P.>PPPPP.
.......†Y@yP.P...P.PPP.PPP
........#+.P..P.P.P...P.P.
........#....PPPPP P....
........#.....PPP. .PP..
........+....P.P.P


PP... ........#...#...PP P.... ........#...#.P..P ..... .......#.....PP.. P...
+.... ...P ..P You could see an ice beast and 2 killer bees.

Vanquished Creatures
  Harold (D:8)
  Pikel (D:6)
  A queen bee (D:8)
  A yak (D:8)
  A wyvern (D:8)
  Sigmund (D:5)
  Menkaure (D:6)
  5 porcupines (D:8)
  2 black bears
  An ice beast (D:7)
  3 sky beasts
  A phantom (D:4)
  2 slaves (D:6)
  An ogre (D:4)
  4 bullfrogs
  14 killer bees (D:8)
  2 howler monkeys
  2 crimson imps
  A centaur zombie (D:5)
  A hound (D:6)
  A jelly (D:6)
  Crazy Yiuf (D:3)
  2 orc priests (D:4)
  Terence (D:3)
  6 worker ants
  An orc wizard (D:4)
  A killer bee zombie (D:8)
  A howler monkey zombie (D:8)
  A worker ant zombie (D:7)
  8 adders
  3 gnolls (D:6)
  An ooze (D:2)
  An adder skeleton (D:8)
  A worm (D:5)
  A dart slug (D:1)
  3 leopard geckos
  12 orcs
  3 bats
  7 giant cockroaches
  3 goblins
  4 hobgoblins
  8 jackals
  8 kobolds
  2 quokkas
  2 ball pythons
  4 frilled lizards
  5 rats
137 creatures vanquished.

Vanquished Creatures (others)
  A quokka zombie (D:6)
  2 butterflies (D:6)
  9 fungi (D:8)
  6 plants (D:8)
18 creatures vanquished.

Grand Total: 155 creatures vanquished

Notes
Turn   | Place    | Note
-------+----------+-------------------------------------------
     0 | D:1      | Mrkan the Troll Monk began the quest for the Orb.
     0 | D:1      | Reached XP level 1. HP: 22/22 MP: 0/0
   120 | D:1      | Reached XP level 2. HP: 25/29 MP: 1/1
   873 | D:2      | Found a radiant altar of Vehumet.
  1128 | D:2      | Reached skill level 4 in Unarmed Combat
  1128 | D:2      | Reached XP level 3. HP: 34/36 MP: 2/2
  1905 | D:3      | Noticed Terence
  1915 | D:3      | Killed Terence
  1915 | D:3      | Reached XP level 4. HP: 35/45 MP: 3/3
  2248 | D:3      | Found a runed translucent door.
  2249 | D:3      | Noticed Crazy Yiuf
  2261 | D:3      | Killed Crazy Yiuf
  2261 | D:3      | Reached skill level 5 in Unarmed Combat
  2261 | D:3      | Reached XP level 5. HP: 52/53 MP: 4/4
  2521 | D:4      | Noticed an ogre
  2531 | D:4      | Killed an ogre
  2567 | D:4      | Noticed a phantom
  2587 | D:4      | Killed a phantom
  2587 | D:4      | Reached XP level 6. HP: 48/62 MP: 5/5
  2606 | D:4      | Reached skill level 6 in Unarmed Combat
  2657 | D:4      | Found a sparkling altar of Nemelex Xobeh.
  3150 | D:5      | Entered Level 5 of the Dungeon
  3224 | D:5      | Reached XP level 7. HP: 63/70 MP: 6/6
  3229 | D:5      | Noticed Sigmund
  3293 | D:5      | Reached skill level 7 in Unarmed Combat
  3308 | D:5      | Killed Sigmund
  3740 | D:5      | Found a runed translucent door.
  3740 | D:5      | Noticed TheAraber's ghost (novice NaVM)
  3934 | D:6      | Reached skill level 8 in Unarmed Combat
  3954 | D:6      | Found a staircase to the Ecumenical Temple.
  3982 | Temple   | Entered the Ecumenical Temple
  4077 | Temple   | Became a worshipper of Ru the Awakened
  4099 | Temple   | Gained mutation: Your cowardice makes you less effective in
                  | combat with threatening monsters. [Ru sacrifice]
  4099 | Temple   | Reached * piety under Ru
  4137 | D:6      | Reached skill level 5 in Fighting
  4137 | D:6      | Reached XP level 8. HP: 80/80 MP: 7/7
  4205 | D:6      | Noticed Pikel
  4239 | D:6      | Killed Pikel
  4239 | D:6      | Reached skill level 9 in Unarmed Combat
  4271 | D:6      | Found an ancient bone altar of Kikubaaqudgha.
  4283 | D:6      | Noticed Menkaure
  4293 | D:6      | Killed Menkaure
  5016 | D:7      | Reached skill level 10 in Unarmed Combat
  5145 | D:7      | Found a hazy altar of Hepliaklqana.
  5147 | D:7      | Found a shimmering altar of Xom.
  5148 | D:7      | Noticed a spectral ugly thing
  5416 | D:8      | Found a staircase to the Lair.
  5421 | D:8      | Reached XP level 9. HP: 71/89 MP: 8/8
  5699 | D:8      | Noticed Harold
  5712 | D:8      | Killed Harold
  5712 | D:8      | Reached skill level 11 in Unarmed Combat
  5714 | D:8      | Found a white marble altar of Elyvilon.
  5755 | D:8      | Reached skill level 1 in Throwing
  5794 | D:8      | Reached XP level 10. HP: 55/102 MP: 9/9
  6136 | D:8      | Gained mutation: You are clumsy. (Dex -2) [Ru sacrifice]
  6178 | D:8      | Slain by a killer bee

Skill      XL: |  1  2  3  4  5  6  7  8  9 10 |
---------------+-------------------------------+-----
Unarmed Combat | 4 5 6 8 10 11 | 11.6
Fighting       | 3 4 5 6 7 |  7.7
Throwing       | 2 4 |  4.1
Dodging        | |  2.4
Stealth        | |  1.0

Action                   |  1- 3 |  4- 6 |  7- 9 | 10-12 || total
-------------------------+-------+-------+-------+-------++-------
Melee: Unarmed           |    66 |   111 |   198 |    67 ||   442
       Punch             |     3 |       |     7 |     1 ||    11
Invok: Sacrifice Courage |       |       |     1 |       ||     1
       Sacrifice Purity  |       |       |       |     1 ||     1
  Use: Scroll            |       |     3 |     3 |       ||     6
       Potion            |       |       |       |     1 ||     1
 Stab: Sleeping          |     2 |       |     3 |       ||     5
  Eat: Chunk             |    16 |    12 |    23 |     2 ||    53
       Ration            |     2 |       |       |       ||     2
Armor: Robe              |    22 |    36 |    49 |    16 ||   123
Dodge: Dodged            |    34 |    34 |   102 |    44 ||   214
